 Dungeon Crawl Stone Soup version 0.17-a0-1885-g326927c (webtiles) character file.

158 Kel the Sneak (level 5, 0/24 HPs)
             Began as a Spriggan Enchanter on Sept 23, 2015.
             Slain by an orc
             ... wielding a +0 dagger
              (2 damage)
             ... on level 3 of the Dungeon.
             The game lasted 00:11:38 (3694 turns).

Kel the Sneak (Spriggan Enchanter)                  Turns: 3694, Time: 00:11:38

Health: 0/24       AC:  3    Str:  4    XL:     5   Next: 16%
Magic:  2/10       EV: 18    Int: 16    God:
Gold:   146        SH:  0    Dex: 18    Spells: 3 memorised, 3 levels left

rFire  . . .     SeeInvis +     a - +1 dagger
rCold  . . .     Clarity  .     b - +1 robe
rNeg   . . .     SustAt   .     (shield restricted)
rPois  .         Gourm    .     (helmet restricted)
rElec  .         Spirit   .     (no cloak)
rCorr  .         Warding  .     (gloves unavailable)
rMut   .         Stasis   .     (boots unavailable)
MR     .....                    (no amulet)
Stlth  ++++......               (no ring)
                                (no ring)

@: very slightly contaminated, very quick, not resistant to hostile
enchantments, stealthy
A: unfitting armour, see invisible, herbivore 3, speed 3, slow metabolism 2
a: no special abilities


You were on level 3 of the Dungeon.
You were not hungry.

You visited 1 branch of the dungeon, and saw 3 of its levels.

You collected 146 gold pieces.

Inventory:

Hand weapons
 a - a +1 dagger (weapon)
Armour
 b - a +1 robe (worn)
Scrolls
 e - 2 scrolls of identify {unknown}
 h - a scroll of magic mapping {unknown}
 i - 3 scrolls of remove curse {unknown}
 l - a scroll of immolation {unknown}
 o - a scroll of noise {unknown}
Potions
 f - 2 potions of curing
 g - a potion of heal wounds
 j - a potion of brilliance
 n - a potion of resistance {unknown}
Books
 c - a book of Maledictions

   Spells                             Type                      Level
   a - Corona                         Hexes                        1
   b - Ensorcelled Hibernation        Hexes/Ice                    2
   c - Confuse                        Hexes                        3
   d - Tukima's Dance                 Hexes                        3
   e - Dazzling Spray                 Conjuration/Hexes            3
Comestibles
 d - 3 bread rations
 k - a fruit
 m - a royal jelly


   Skills:
 + Level 2.8 Short Blades
 - Level 3.0 Dodging
 - Level 6.0 Stealth
 - Level 2.7 Spellcasting
 - Level 5.5 Hexes


You had 3 spell levels left.
You knew the following spells:

 Your Spells              Type           Power        Failure   Level  Hunger
a - Ensorcelled Hibernat  Hex/Ice        ##....       12%         2    ##.....
b - Corona                Hex            ###....      1%          1    #......
c - Confuse               Hex            ###.....     8%          3    ###....


Dungeon Overview and Level Annotations

Branches:
Dungeon (3/15)

Altars:
Fedhas
Qazlal


Innate Abilities, Weirdness & Mutations

You are tiny and cannot use many weapons and most armour.
You have supernaturally acute eyesight.
You are a herbivore.
You cover ground extremely quickly.
You need consume almost no food.


Message History

The orc misses you. The orc hits you with a dagger.
Casting: Ensorcelled Hibernation
Confirm with . or Enter, or press ? or * to list all spells.
Aiming: Ensorcelled Hibernation
Press: ? - help, Shift-Dir - straight line, f/p - orc
Aim: an orc, wielding a short sword and wearing a scale mail (chance to defeat MR: 80%)
The orc resists with significant effort.
The orc hits you with a short sword.
* * * LOW HITPOINT WARNING * * *
The orc completely misses you.
Casting: Ensorcelled Hibernation
Confirm with . or Enter, or press ? or * to list all spells.
Aiming: Ensorcelled Hibernation
Press: ? - help, Shift-Dir - straight line, f/p - orc
Aim: an orc, wielding a short sword and wearing a scale mail (chance to defeat MR: 80%)
You miscast Ensorcelled Hibernation.
Nothing appears to happen.
The orc hits you with a short sword.
* * * LOW HITPOINT WARNING * * *
The orc hits you with a dagger.
You die...

##.## #..#
####.#####..######
####....##...........
#.....).....#........
#.##....########.#.##
#.###.#.# #.#.## #.#
#.#.# #.#..#
#.###.#.##### #.##.#
#.#o@.......# #.##.#
#.#o#######.# #.##.#
#.#.# #.##.# #...#
#.##.. #...# #†##..
#.#.# #.##.. #.#.# #
#.##..
#.#.#######.####.##..
#.#.........##.......


You could see 2 orcs.

Vanquished Creatures
  An orc priest (D:3)
  A gnoll (D:1)
  4 adders
  2 worms
  2 giant geckos
  5 orcs
  8 bats
  10 hobgoblins
  7 jackals
  13 kobolds
  5 giant newts
  5 goblins
  6 rats
69 creatures vanquished.

Notes
Turn   | Place    | Note
--------------------------------------------------------------
     0 | D:1      | Kel the Spriggan Enchanter began the quest for the Orb.
     0 | D:1      | Reached XP level 1. HP: 9/9 MP: 5/5
    96 | D:1      | Reached XP level 2. HP: 13/13 MP: 6/6
   295 | D:1      | Learned a level 2 spell: Ensorcelled Hibernation
   919 | D:1      | Reached skill level 5 in Hexes
   919 | D:1      | Reached XP level 3. HP: 16/16 MP: 5/8
   929 | D:1      | Learned a level 3 spell: Confuse
  1677 | D:2      | Found a blossoming altar of Fedhas.
  1873 | D:2      | Found a stormy altar of Qazlal.
  2039 | D:2      | Reached skill level 5 in Stealth
  2064 | D:2      | Reached XP level 4. HP: 21/21 MP: 9/9
  2803 | D:2      | Reached skill level 6 in Stealth
  3326 | D:3      | Reached XP level 5. HP: 24/24 MP: 5/10
  3694 | D:3      | Slain by an orc

Vault maps used:
D:1:      dpeg_arrival_simpleton_c
D:2:      kennysheep_six_static_rooms, grunt_qazlal_sundering, fedhas_altar_2
D:3:      first_bread, tgw_xom

Action                   |  1- 3 |  4- 6 || total
-------------------------+-------+-------++-------
Melee: Dagger            |   140 |    64 ||   204
 Cast: Ensorcelled Hiber |     2 |    14 ||    16
  Use: Potion            |     3 |       ||     3
 Stab: Sleeping          |    10 |    15 ||    25
       Distracted        |       |     2 ||     2
  Eat: Pizza             |       |     1 ||     1
